 Dungeon Crawl Stone Soup version 0.14.0-24-gfb45beb (webtiles) character file.

6086 Econoterrorist the Transmogrifier (level 10, -7/85 HPs)
             Began as a Yellow Draconian Transmuter on Apr 23, 2014.
             Was a High Priest of Sif Muna.
             Mangled by an eight-headed hydra (13 damage)
             ... on Level 1 of the Lair of Beasts.
             The game lasted 00:53:14 (13545 turns).

Econoterrorist the Transmogrifier (DrTm)           Turns: 13545, Time: 00:53:14

HP  -7/85        AC  6     Str 17      XL: 10   Next: 44%
MP  18/22        EV 12     Int 17      God: Sif Muna [*****.]
Gold 514         SH  0     Dex 12      Spells:  4 memorised,  6 levels left

rFire  . . .     SeeInvis .       - Unarmed
rCold  + + +     Clarity  .     (armour unavailable)
rNeg   . . .     Conserve .     H - melded +0 buckler
rPois  +         rCorr    +     (helmet currently unavailable)
rElec  .         rRot     .     (no cloak)
SustAb . .       Spirit   .     (gloves currently unavailable)
rMut   .         Warding  .     B - melded +2 pair of boots of Hairiness {rPois Dam+4}
Saprov . . .     Stasis   .     l - amulet of resist corrosion
MR     .....                    s - ring of protection from fire
                                z - ring of sustenance

@: ice-form, mighty, not resistant to hostile enchantments, unstealthy
A: (spit acid), (acid resistance), unfitting armour, AC +7
a: End Transformation, Channel Energy, Forget Spell, Renounce Religion


You were on level 1 of the Lair of Beasts.
You worshipped Sif Muna.
Sif Muna was extremely pleased with you.
You were not hungry.
You were a creature of crystalline ice.
You visited 3 branches of the dungeon, and saw 11 of its levels.

You collected 514 gold pieces.

Inventory:

Hand weapons
 m - a +1,+1 dagger of venom
 I - a +1 blowgun
Missiles
 b - 12 arrows
 J - 6 curare-tipped needles
Armour
 B - the +2 pair of boots of Hairiness (melded) {rPois Dam+4}
   (You found it on level 6 of the Dungeon)

   It affects your damage with ranged weapons and melee attacks (+4).
   It protects you from poison.
 H - a +0 buckler (melded)
Magical devices
 r - a wand of paralysis (14)
 F - a wand of cold (2)
 N - a wand of polymorph (11)
 Q - a wand of lightning (4)
Comestibles
 a - 6 bread rations
 p - a royal jelly
 t - 2 meat rations
 R - a honeycomb
Scrolls
 c - 2 scrolls of recharging {unknown}
 e - 3 scrolls of amnesia
 g - a scroll of enchant weapon II {unknown}
 i - a scroll of random uselessness {unknown}
 j - 2 scrolls of identify
 n - 2 scrolls of enchant armour
 u - 3 scrolls of teleportation
 v - a scroll of noise {unknown}
 w - 3 scrolls of remove curse
 x - a scroll of magic mapping {unknown}
 y - 2 scrolls of enchant weapon I {unknown}
 D - a scroll of blinking {unknown}
 G - a scroll of immolation {unknown}
 L - a scroll of fog {unknown}
Jewellery
 f - an uncursed ring of magical power
 l - an amulet of resist corrosion (around neck)
 s - a ring of protection from fire (right paw)
 z - a ring of sustenance (left paw)
 C - an uncursed ring of magical power
Potions
 h - 2 potions of curing
 k - 2 potions of restore abilities
 o - 4 potions of might
 q - a potion of flight {unknown}
 A - 2 potions of heal wounds
 K - a potion of agility {unknown}
 P - a potion of confusion {unknown}
Books
 d - a book of Changes

   Spells                             Type                      Level
   *Beastly Appendage                 Transmutation                1
   Sticks to Snakes                   Transmutation                2
   *Spider Form                       Transmutation/Poison         3
   *Ice Form                          Ice/Transmutation            4
   *Blade Hands                       Transmutation                5
 M - a book of Envenomations

   Spells                             Type                      Level
   *Spider Form                       Transmutation/Poison         3
   Poison Weapon                      Charms/Poison                3
   Alistair's Intoxication            Transmutation/Poison         4
   Olgreb's Toxic Radiance            Poison                       4
   Poisonous Cloud                    Conjuration/Poison/Air       6


   Skills:
 - Level 1.1 Fighting
 - Level 5.0 Dodging
 + Level 6.0 Unarmed Combat
 - Level 5.0 Spellcasting
 + Level 10.5 Transmutations
 - Level 6.1 Ice Magic
 - Level 4.0 Poison Magic


You had 6 spell levels left.
You knew the following spells:

 Your Spells              Type           Power        Failure   Level  Hunger
a - Beastly Appendage     Trmt           #####.       1%          1    None
b - Spider Form           Trmt/Pois      ####......   1%          3    ###....
c - Blade Hands           Trmt           #####.....   8%          5    #####..
d - Ice Form              Ice/Trmt       ####......   6%          4    ####...


Dungeon Overview and Level Annotations

Branches:
Dungeon (9/15)             Temple (1/1) D:5            Lair (1/8) D:9
    Orc: D:9-12

Altars:
Ashenzari
Cheibriados
Dithmenos
Fedhas
Kikubaaqudgha
Makhleb
Nemelex Xobeh
Okawaru
Sif Muna
Trog
Vehumet
Xom
Yredelemnul
Zin
The Shining One

Shops:
D:6 [=


Message History

The +2 pair of boots of Hairiness {rPois Dam+4} melds into your body.
Your +0 buckler melds into your body.
You climb downwards.
Welcome to the Lair of Beasts!
The eight-headed hydra bites you! The eight-headed hydra bites you.
The eight-headed hydra barely misses you.
The eight-headed hydra bites you!
The eight-headed hydra barely misses you.
The eight-headed hydra bites you. The eight-headed hydra misses you.
The eight-headed hydra bites you!
There is a staircase back to the Dungeon here.
You pummel the eight-headed hydra!!
The eight-headed hydra seems to slow down.
You freeze the eight-headed hydra!
The eight-headed hydra is heavily wounded.
The eight-headed hydra bites you! x2
* * * LOW HITPOINT WARNING * * *
The eight-headed hydra bites you!
* * * LOW HITPOINT WARNING * * *
The eight-headed hydra bites you!
You die...

.# .##P #+######.P...
#######..##.>....#
.................###
#####...............
##........D..#.#
#........I#.....#
#.........# ..#. #
##.........#...#
####.##..............
#......+.........#...
..#####...........#..
..###f%#.........##..
..#....######....#
..#....# .#...#


You could see an eight-headed hydra.

Vanquished Creatures
  The ghost of Frenchkiss the Grappler, an experienced TrMo (D:8)
  2 komodo dragons (D:9)
  A troll (D:8)
  A spriggan (D:7)
  A steam dragon (D:9)
  A hippogriff (D:7)
  A hungry ghost (D:7)
  A hill giant skeleton (D:9)
  An orc warrior (D:8)
  2 sky beasts (D:9)
  A yellow wasp (D:9)
  2 ice beasts
  4 centaurs
  A phantom (D:5)
  A crocodile (Lair:1)
  6 ogres
  A giant slug (D:7)
  A big kobold (D:9)
  A gnoll sergeant (D:9)
  A cyclops skeleton (D:9)
  4 giant frogs
  6 scorpions
  6 crimson imps
  A vampire bat (D:7)
  A giant frog zombie (D:6)
  2 goliath beetles
  2 jellies
  4 hounds
  2 giant frog skeletons
  4 orc wizards
  4 iguanas
  5 worker ants
  Ijyb (D:7)
  An ogre zombie (D:8)
  A hound skeleton (D:8)
  A mummy (D:6)
  A worker ant zombie (D:5)
  10 gnolls
  14 adders
  2 shadow imps
  An inept item mimic (D:2)
  A goliath beetle zombie (D:9)
  An inept feature mimic (D:3)
  8 worms
  An adder skeleton (D:5)
  4 giant eyeballs
  6 giant geckos
  2 oozes
  22 orcs
  3 giant cockroaches
  7 goblins
  8 hobgoblins
  8 jackals
  2 quokkas
  4 ball pythons
  16 bats
  A giant gecko skeleton (D:4)
  9 giant newts
  A giant spore (D:8)
  2 hobgoblin skeletons
  A jackal zombie (D:8)
  17 kobolds
  An orc skeleton (D:8)
  A quokka skeleton (D:6)
  2 quokka zombies (D:8)
  8 rats
  A rat skeleton (D:4)
  7 ballistomycetes
248 creatures vanquished.

Vanquished Creatures (others)
  An ogre (D:9)
  A giant spore (D:9)
2 creatures vanquished.

Grand Total: 250 creatures vanquished

Notes
Turn   | Place    | Note
--------------------------------------------------------------
     0 | D:1      | Econoterrorist, the Draconian Transmuter, began the quest for the Orb.
     0 | D:1      | Reached XP level 1. HP: 16/16 MP: 3/3
   401 | D:1      | Reached XP level 2. HP: 23/23 MP: 2/4
  1100 | D:2      | Reached skill level 4 in Unarmed Combat
  1167 | D:2      | Reached XP level 3. HP: 21/28 MP: 6/6
  1172 | D:2      | Learned a level 3 spell: Spider Form
  1889 | D:3      | Reached XP level 4. HP: 35/35 MP: 7/7
  1980 | D:3      | Reached skill level 5 in Unarmed Combat
  2803 | D:4      | Reached XP level 5. HP: 36/40 MP: 9/9
  2897 | D:4      | Reached skill level 6 in Unarmed Combat
  3173 | D:4      | Found a shattered altar of Ashenzari.
  3443 | D:4      | Reached skill level 1 in Poison Magic
  3506 | D:4      | Noticed an ogre
  3519 | D:4      | Killed an ogre
  3519 | D:4      | Reached XP level 6. HP: 36/47 MP: 10/10
  3526 | D:4      | Found a glowing golden altar of the Shining One.
  4137 | D:5      | Entered Level 5 of the Dungeon
  4400 | D:5      | Found a staircase to the Ecumenical Temple.
  4412 | Temple   | Entered the Ecumenical Temple
  4525 | Temple   | Became a worshipper of Sif Muna the Loreminder
  4756 | D:5      | Found a sparkling altar of Nemelex Xobeh.
  4769 | D:5      | Your scales start taking on a golden yellow colour.
  4769 | D:5      | Reached XP level 7. HP: 22/52 MP: 12/12
  5673 | D:6      | Got a pair of crude boots
  5676 | D:6      | Identified the +2 pair of boots of Hairiness {rPois Dam+4} (You found it on level 6 of the Dungeon)
  5700 | D:6      | Reached skill level 5 in Transmutations
  5716 | D:6      | Acquired Sif Muna's first power
  5991 | D:5      | Learned a level 5 spell: Blade Hands
  6014 | D:6      | Reached XP level 8. HP: 59/59 MP: 13/13
  6116 | D:6      | Paralysed by a giant eyeball for 4 turns
  6249 | D:6      | Found Eniuwni's Jewellery Shoppe.
  6318 | D:6      | Found Twatsol's Armour Emporium.
  6327 | D:6      | Reached skill level 7 in Transmutations
  6352 | D:6      | Acquired Sif Muna's second power
  6485 | D:7      | Noticed Ijyb
  6502 | D:7      | Killed Ijyb
  6508 | D:7      | Reached skill level 8 in Transmutations
  6780 | D:7      | Found a blossoming altar of Fedhas.
  6799 | D:7      | Reached skill level 9 in Transmutations
  7068 | D:7      | Found a snail-covered altar of Cheibriados.
  7571 | D:7      | Reached XP level 9. HP: 53/64 MP: 11/18
  8048 | D:7      | Reached skill level 5 in Spellcasting
  8071 | D:7      | Learned a level 4 spell: Ice Form
  8124 | D:8      | Reached skill level 1 in Ice Magic
  8304 | D:8      | Noticed Frenchkiss' ghost (experienced TrMo)
  8307 | D:8      | HP: 3/64 [Frenchkiss' ghost (25)]
  8691 | D:8      | Killed Frenchkiss' ghost
  8691 | D:8      | Acquired Sif Muna's third power
  8691 | D:8      | Reached skill level 5 in Ice Magic
  8990 | D:8      | Paralysed by a giant eyeball for 4 turns
  9560 | D:8      | Found a radiant altar of Vehumet.
 10485 | D:8      | Reached XP level 10. HP: 18/71 MP: 17/22
 11385 | D:9      | Reached skill level 10 in Transmutations
 11978 | D:9      | Found a staircase to the Lair.
 13131 | Lair:1   | Entered Level 1 of the Lair of Beasts
 13160 | Lair:1   | Reached skill level 5 in Dodging
 13301 | Lair:1   | Noticed an eight-headed hydra
 13545 | Lair:1   | Mangled by an eight-headed hydra

Action                   |  1- 3 |  4- 6 |  7- 9 | 10-12 || total
-------------------------+-------+-------+-------+-------++-------
Melee: Unarmed           |   114 |   280 |   529 |   176 ||  1099
 Cast: Beastly Appendage |     6 |     6 |     7 |     2 ||    21
       Spider Form       |       |     3 |    17 |     4 ||    24
       Blade Hands       |       |       |     6 |     4 ||    10
       Ice Form          |       |       |     2 |     1 ||     3
 Abil: Spit Acid         |       |       |    15 |       ||    15
Evoke: Wand              |       |     1 |     2 |     2 ||     5
  Use: Potion            |       |     1 |     4 |     1 ||     6
       Scroll            |       |       |     5 |     2 ||     7
 Stab: Distracted        |       |     1 |     1 |       ||     2
       Sleeping          |       |       |     1 |       ||     1
